 Dungeon Crawl Stone Soup version 0.22-a0-460-g49b1da7 (webtiles) character file.

102 emperorscorpion the Skirmisher (level 4, 0/55 HPs)
             Began as a Demonspawn Berserker on June 9, 2018.
             Was a Believer of Trog.
             Slain by a hobgoblin (5 damage)
             ... on level 3 of the Dungeon.
             The game lasted 00:02:15 (2754 turns).

emperorscorpion the Skirmisher (DsBe)               Turns: 2754, Time: 00:02:16

Health: 0/55       AC:  2    Str: 23    XL:     4   Next: 50%
Magic:  4/4        EV: 10    Int:  8    God:    Trog [**....]
Gold:   99         SH:  0    Dex: 13    Spells: 3/3 levels left

rFire    . . .     SeeInvis .   k - +0 hand axe (chop)
rCold    . . .     Gourm    .   (no shield)
rNeg     . . .     Faith    .   b - +0 animal skin
rPois    .         Spirit   .   (no helmet)
rElec    .         Reflect  .   (no cloak)
rCorr    .         Harm     .   (no gloves)
MR       .....                  (no boots)
Stlth    ..........             (no amulet)
HPRegen  0.18/turn              (no ring)
MPRegen  0.09/turn              (no ring)

@: berserking, slowed, constricted
A: hooves 2
a: Berserk, Trog's Hand, Renounce Religion


You were on level 3 of the Dungeon.
You worshipped Trog.
Trog was pleased with you.
You were near starving.

You visited 1 branch of the dungeon, and saw 3 of its levels.

You collected 99 gold pieces.

Inventory:

Hand Weapons
 a - a +0 spear
 k - a +0 hand axe of chopping (weapon)
Missiles
 e - 105 stones (quivered)
 i - 69 arrows
 l - 52 sling bullets
Armour
 b - a +0 animal skin (worn)
Jewellery
 j - a +3 ring of evasion {unknown}
 m - an uncursed ring of wizardry {unknown}
 n - an uncursed ring of magical power {unknown}
Scrolls
 f - 3 scrolls of identify {unknown}
 g - 2 scrolls of teleportation {unknown}
 h - a scroll of fog {unknown}
 o - a scroll of blinking {unknown}
 q - a scroll of enchant weapon {unknown}
 r - a scroll of fear {unknown}
Potions
 d - 2 potions of invisibility {unknown}
 p - a potion of degeneration {unknown}
 s - a potion of mutation {unknown}
 t - 2 potions of flight {unknown}
 u - a potion of might {unknown}
Comestibles
 c - 3 rations


   Skills:
 + Level 3.9 Fighting
 + Level 1.4(2.3) Axes
 - Level 2.7(3.0) Polearms
 + Level 2.0 Armour
 + Level 2.5 Dodging
 + Level 1.4 Stealth


You had 3 spell levels left.
You didn't know any spells.
Your spell library was empty.

Dungeon Overview and Level Annotations

Branches:
Dungeon (3/15)

Altars:
Cheibriados


Innate Abilities, Weirdness & Mutations

You have hoof-like feet.


Message History

The orc wizard gestures wildly while chanting.
The orc wizard blinks!
The orc hits you with a whip.
* * * LOW HITPOINT WARNING * * *
The ball python barely misses you. The ball python constricts you.
Unknown command.
You hit the orc.
The orc is moderately wounded.
You barely miss the ball python. You closely miss the hobgoblin.
The hobgoblin barely misses you.
The orc wizard mumbles some strange words.
The orc wizard blinks!
The ball python bites you.
* * * LOW HITPOINT WARNING * * *
The ball python constricts you. The orc barely misses you.
You hit the orc.
You kill the orc!
Trog accepts your kill.
You closely miss the hobgoblin. You closely miss the ball python.
The ball python barely misses you. The ball python constricts you.
The hobgoblin hits you.
You die...

#.###)#####
#)# # #)#
#.###.#######
#.>..........
#..##<#######
#....÷.......
#.....##.####
#.###@# # #
#Sg).§.#
#......#
#......#
#......#
.......#
.......#
........'


You could see a hobgoblin and a ball python.

Vanquished Creatures
  5 adders (D:2)
  2 worms (D:2)
  A dart slug (D:1)
  7 orcs (D:3)
  2 giant cockroaches (D:1)
  3 goblins
  6 hobgoblins
  A ball python (D:1)
  7 bats
  5 kobolds
  7 rats
46 creatures vanquished.

Notes
Turn   | Place    | Note
-------+----------+-------------------------------------------
     0 | D:1      | emperorscorpion the Demonspawn Berserker began the quest for the Orb.
     0 | D:1      | Reached XP level 1. HP: 18/18 MP: 1/1
   438 | D:1      | Gained mutation: You have large cloven feet. [demonic ancestry]
   438 | D:1      | Reached XP level 2. HP: 20/24 MP: 2/2
  1301 | D:2      | Gained mutation: You have hoof-like feet. [demonic ancestry]
  1301 | D:2      | Reached XP level 3. HP: 18/29 MP: 3/3
  1721 | D:2      | Reached skill level 1 in Axes
  1735 | D:2      | Reached ** piety under Trog
  2209 | D:2      | Reached XP level 4. HP: 37/37 MP: 4/4
  2276 | D:2      | Found a snail-covered altar of Cheibriados.
  2293 | D:2      | Reached skill level 1 in Stealth
  2754 | D:3      | Slain by a hobgoblin

Vault maps used:
D:1:      dpeg_arrival_three_same_balls
D:2:      wad_lake_hut, hangedman_decor_growths, cheibriados_altar_1
D:3:      first_ration, uniq_robin

Skill      XL: |  1  2  3  4 |
---------------+-------------+-----
Dodging        | 2 |  2.5
Armour         | 2 |  2.0
Axes           | 1 |  1.4
Stealth        | 1 |  1.4
Fighting       | |  3.9
Polearms       | |  2.7

Action                   |  1- 3 |  4- 6 || total
-------------------------+-------+-------++-------
Melee: Spear             |    21 |       ||    21
       Hand axe          |    51 |    30 ||    81
       Kick              |    11 |     5 ||    16
Invok: Berserk           |       |     1 ||     1
  Use: Scroll            |     1 |       ||     1
 Stab: Sleeping          |     2 |     1 ||     3
  Eat: Chunk             |     3 |     2 ||     5
Armor: Animal skin       |    20 |     9 ||    29
Dodge: Dodged            |    46 |    28 ||    74

Table legend:
 A = Spawn XP
 B = Non-spawn XP
 C = Spawn XP percentage of total XP
 D = Spawn monster count
 E = Non-spawn monster count
 F = Spawn count percentage of total count
 G = Total turns spent on level
                    A         B        C        D         E        F      G
               +---------+---------+-------+---------+---------+-------+---------
         Total |       0 |     147 |   0.0 |       0 |      46 |   0.0 |  2754
               +---------+---------+-------+---------+---------+-------+---------
           D:1 |       0 |      26 |   0.0 |       0 |      17 |   0.0 |  1278
           D:2 |       0 |      93 |   0.0 |       0 |      18 |   0.0 |  1433
           D:3 |       0 |      28 |   0.0 |       0 |      11 |   0.0 |    43
               +---------+---------+-------+---------+---------+-------+---------
